Map: Void Launch

Players

Siliatra

  • Race: Protoss Protoss
  • Spawn Location: 6:00

Sindyr

  • Race: Terran Terran
  • League: Master

VOD

Have the link to the VOD?

Description

Time

  • Played on: Sept. 23, 2025, 10:54 a.m.
  • Length: 26:03
Show
View Real Time Build Order
Export as new Build Order

Siliatra Protoss 

Build Orders:  

Get SALT Encoding   

  12  0:08  Probe (Chrono Boost)  
  13  0:21  Probe (Chrono Boost)  
  13  0:29  Pylon  
  14  0:35  Probe (Chrono Boost)  
  15  0:44  Assimilator  
  15  0:53  Probe (Chrono Boost)  
  16  1:05  Gateway  
  16  1:07  Probe (Chrono Boost)  
  17  1:21  Probe (Chrono Boost)  
  18  1:33  Assimilator  
  18  1:35  Probe (Chrono Boost)  
  19  1:49  Probe (Chrono Boost)  
  20  2:03  Probe (Chrono Boost)  
  21  2:16  Cybernetics Core  
  21  2:17  Probe (Chrono Boost)  
  22  2:20  Forge  
  22  2:29  Pylon  
  22  2:31  Probe (Chrono Boost)  
  23  2:53  Probe (Chrono Boost)  
  24  3:07  Probe (Chrono Boost)  
  27  3:14  Slayer  
  27  3:17  Gateway  
  27  3:23  Gateway  
  27  3:25  Probe (Chrono Boost)  
  28  3:48  Robotics Facility  
  28  3:54  Pylon  
  28  4:15  Warp Gate  
  28  4:17  Pylon  
  28  4:32  Probe (Chrono Boost)  
  29  4:49  Probe (Chrono Boost)  
  30  5:37  Protoss Ground Weapons Level 1, Protoss Air Weapons Level 1  
  28  5:56  Nexus  
  28  6:02  Slayer x3  
  34  6:26  Death Council  
  34  6:27  Gateway  
  34  6:30  Robotics Bay  
  34  6:36  Havoc x2  
  36  7:06  Assimilator  
  36  7:10  Assimilator  
  36  7:12  Probe (Chrono Boost)  
  36  7:16  Slayer x3  
  43  7:29  Probe (Chrono Boost)  
  44  7:30  Forge  
  44  7:38  Probe (Chrono Boost)  
  45  7:46  Pylon, Probe (Chrono Boost)  
  46  7:52  Probe (Chrono Boost)  
  46  7:57  Protoss Ground Armor Level 1, Protoss Air Armor Level 1  
  47  8:03  Probe (Chrono Boost)  
  46  8:22  Supplicant x6  
  58  8:33  Protoss Ground Weapons Level 2, Protoss Air Weapons Level 2  
  58  8:42  Forge  
  58  8:50  Blood Shields  
  58  9:09  Probe x2 (Chrono Boost)  
  60  9:26  Probe x2 (Chrono Boost)  
  60  9:29  Protoss Shields Level 1  
  62  9:42  Probe (Chrono Boost)  
  62  9:43  Probe (Chrono Boost)  
  64  9:59  Probe (Chrono Boost)  
  66  10:00  Probe (Chrono Boost)  
  66  10:16  Probe (Chrono Boost)  
  66  10:17  Probe (Chrono Boost)  
  66  10:18  Pylon  
  66  10:19  Pylon  
  68  10:22  Pylon  
  68  10:25  Gateway  
  68  10:26  Pylon  
  68  10:28  Pylon  
  68  10:33  Probe (Chrono Boost)  
  68  10:34  Probe (Chrono Boost)  
  68  10:39  Protoss Ground Armor Level 2, Protoss Air Armor Level 2  
  72  10:50  Probe x2 (Chrono Boost)  
  68  11:00  Slayer  
  68  11:01  Slayer x3  
  72  11:44  Slayer x4  
  72  11:45  Slayer  
  82  11:58  Phase Blink  
  81  12:14  Protoss Ground Weapons Level 3, Protoss Air Weapons Level 3  
  81  12:19  Havoc x2  
  75  12:21  Supplicant x2  
  75  12:22  Supplicant x4  
  80  12:54  Protoss Shields Level 2  
  80  13:06  Slayer  
  80  13:07  Slayer x4  
  90  13:16  Probe (Chrono Boost)  
  90  13:18  Pylon  
  91  13:25  Pylon  
  91  13:27  Pylon  
  91  13:33  Probe (Chrono Boost)  
  91  13:34  Aerial Tracking  
  92  13:41  Wraithwalker  
  92  13:44  Robotics Facility  
  98  14:26  Pylon  
  96  14:35  Slayer x2  
  96  14:36  Slayer x3  
  104  14:55  Protoss Ground Armor Level 3, Protoss Air Armor Level 3  
  104  14:56  Wraithwalker  
  104  15:09  Havoc  
  105  15:29  Wraithwalker  
  111  15:38  Protoss Shields Level 3  
  111  16:25  Supplicant x2  
  111  16:26  Supplicant x8  
  131  16:46  Pylon  
  131  16:51  Pylon  
  131  17:07  Pylon  
  131  17:11  Pylon  
  131  17:15  Pylon  
  131  17:19  Pylon  
  93  17:39  Supplicant x6  
  101  17:40  Supplicant x4  
  101  17:49  Wraithwalker x2  
  121  18:15  Supplicant x4  
  121  18:16  Supplicant x6  
  141  18:33  Gateway  
  141  18:35  Gateway  
  141  18:38  Gateway  
  141  18:50  Wraithwalker x2  
  153  19:18  Pylon  
  153  19:20  Supplicant x8  
  157  19:21  Supplicant x2  
  173  19:57  Supplicant x4  
  175  20:13  Wraithwalker  
  175  20:14  Wraithwalker  
  181  20:34  Pylon  
  181  20:35  Pylon  
  181  20:36  Pylon  
  181  20:54  Havoc  
  181  20:57  Pylon  
  181  20:59  Pylon  
  182  21:02  Pylon  
  182  21:15  Wraithwalker x2  
  192  22:15  Robotics Facility  
  192  22:26  Slayer x4  
  184  23:35  Cloaking Module  
  184  23:37  Wraithwalker x2  
  184  23:39  Pylon  
  184  23:41  Pylon  
  184  23:45  Pylon  
  184  23:50  Pylon  
  196  24:04  Pylon x2  
  196  24:06  Pylon  
  196  24:07  Pylon  
  196  24:13  Supplicant x2  
  146  24:58  Supplicant x4  
  146  24:59  Supplicant x4  
  146  25:00  Supplicant x6  
  146  25:01  Supplicant x2  
  136  25:25  Supplicant x2  
  136  25:26  Supplicant x2  
Show
View Real Time Build Order
Export as new Build Order

Sindyr Terran 

Build Orders:  

Get SALT Encoding   

  12  0:05  Starport Tech Lab  
  13  0:12  SCV  
  13  0:29  SCV  
  14  0:31  Supply Depot  
  14  0:46  SCV  
  15  0:50  Assault Galleon  
  15  1:07  SCV  
  17  1:24  SCV, Refinery  
  18  1:40  SCV  
  18  1:47  Supply Depot  
  18  1:57  SCV  
  20  2:14  SCV  
  20  2:17  Engineering Bay  
  20  2:21  Engineering Bay  
  20  2:28  Reaper  
  22  2:31  SCV  
  22  2:48  SCV  
  23  3:05  SCV  
  25  3:22  SCV  
  25  3:28  Reaper  
  26  3:38  Reaper  
  26  3:39  SCV  
  28  3:48  Reaper  
  29  3:56  SCV  
  29  3:57  Jetpack Overdrive  
  29  3:58  Reaper  
  31  4:07  LE9 Cluster Charges  
  31  4:13  Refinery  
  31  4:45  Assault Galleon  
  31  4:47  Assault Galleon  
  32  4:54  SCV  
  33  5:11  SCV  
  33  5:13  Command Center  
  33  5:28  SCV  
  34  5:40  Widow Mine  
  34  5:45  SCV  
  37  5:55  Widow Mine  
  40  6:02  SCV  
  40  6:10  Widow Mine  
  40  6:11  Executioner Missiles, Supply Depot  
  40  6:14  Supply Depot  
  42  6:25  Widow Mine  
  42  6:27  Armory  
  44  6:40  Widow Mine  
  48  7:10  SCV x2  
  48  7:27  SCV x2  
  52  7:43  Refinery  
  52  7:44  SCV x2  
  52  7:45  Fusion Core  
  58  7:52  Strike Fighter Platform  
  58  7:55  Strike Fighter Platform  
  60  8:01  SCV x2  
  60  8:16  Black Market Launchers  
  60  8:18  SCV x2  
  60  8:28  Strike Fighter Platform  
  60  8:35  SCV x2  
  62  8:49  Hellion  
  67  8:50  Hellion x2  
  67  8:52  SCV  
  67  8:59  Hellion x2  
  73  9:00  Hellion  
  73  9:08  Overcharged Reactor  
  73  9:09  SCV  
  79  9:26  SCV  
  80  9:36  Drone Hangar  
  81  9:43  SCV  
  82  10:02  Drone Hangar  
  82  10:11  Napalm Payload  
  57  11:32  Hellbat  
  57  11:34  Hellbat x4  
  54  12:02  Fusion Core  
  54  12:37  Armory  
  54  13:11  Horner Weapons Level 1  
  54  13:20  Command Center  
  54  13:39  Supply Depot  
  54  13:41  Supply Depot x2  
  57  14:01  Assault Galleon  
  57  14:03  Assault Galleon  
  57  14:04  Drone Hangar  
  57  14:43  Reaper  
  57  14:46  Reaper  
  59  14:53  Reaper  
  59  14:56  Reaper  
  61  15:03  Reaper  
  68  15:33  Drone Hangar x2  
  68  15:56  Refinery  
  68  15:58  Refinery  
  70  16:03  SCV x2  
  70  16:19  SCV  
  64  16:20  SCV  
  62  16:36  SCV  
  62  16:37  SCV  
  58  16:53  SCV  
  58  16:54  SCV  
  60  17:10  SCV  
  60  17:11  SCV  
  60  18:05  Sovereign Battlecruiser  
  70  19:11  Horner Armor Level 1  
  70  19:22  Horner Weapons Level 2  
  70  19:24  Sovereign Battlecruiser  
  80  19:31  Reaper x2  
  80  19:32  Reaper x2  
  84  19:41  Reaper x3  
  84  19:42  Reaper  
  88  19:51  Reaper x2  
  88  19:52  Reaper  
  92  20:01  Reaper  
  92  20:02  Reaper x2  
  92  20:05  Reaper  
  87  20:15  Reaper  
  79  20:38  SCV x2  
  81  20:55  SCV x2  
  81  20:57  Assault Galleon  
  85  21:11  SCV  
  85  21:12  SCV, Reaper x3  
  85  21:13  Reaper  
  89  21:22  Reaper x3  
  89  21:23  Reaper  
  89  21:28  SCV  
  89  21:29  SCV  
  95  21:32  Reaper x2  
  96  21:45  SCV  
  96  21:46  SCV  
  74  24:32  Drone Hangar  
  74  24:44  Reaper x3  
  77  24:54  Reaper x2  
  77  24:55  Reaper  
  80  25:04  Reaper x2  
  80  25:05  Reaper  
  83  25:14  Reaper x3  
  83  25:15  Reaper  
  85  25:24  Reaper x3  
  85  25:25  Reaper  
  86  25:34  Reaper  
  85  25:44  Reaper  
Tags
 
Commander
AlarakHorner
League
Master
Matchup
Co-op
Replay Pack
Multiplayer
Add a new tag
Caveats
  • Supply blocks, unpowered buildings, or Contaminate may cause inaccurate times.
  • Supply counts are checked every 10 seconds.